← All builds
Tech / Armada / Economy first / OBSERVED BUILD

Standard tech

Armada Tech (Eco) build order · Supreme Isthmus

Rushes T2 by 4:15, gets Advanced Metal Extractor around 5:28, hands off T2 constructors to Geo and the team, then scales eco and supplies the team's T2 needs through the rest of the game.

Usually first T2 con to Geo (83%)

#eco #t2 #team support · 1590 distinct matches · 256 players · 58% of Armada Tech games · team won 53% of 1886 · Recently observed

HOW TO PLAY IT

Key timing: T2 factory by 4:15

  1. Open 3 mex and heavy wind to fund a fast T2 rush.
  2. Put down Bot Lab, planning to eat it for reclaim soon after.
  3. Get Advanced Bot Lab up, hitting the T2 factory rush timing.
  4. Upgrade mex to Advanced Metal Extractor to lock in team metal income.
  5. Eat Advanced Bot Lab and keep sending cons to Geo and Pond.

Phase by phase

TYPICAL OF ITS 1590 GAMES
  1. 1
  2. 2
  3. 3
  4. 4
PLAY THE OPENING

Follow the example game's first 6:00 step by step: what to build now, what comes next, and where it goes. At 1× it keeps pace with your own game.

  1. 1

    Up to the Bot Lab

    Economy
    • Metal Extractor3Mex
    • Wind Turbine4Wind
    Order
    1. Bot LabBot Lab after 3 mex, 4 winddone ~1:18, middle half 1:13–1:32

    Some games also: energy storage (31%)

    By 1:01 in all: 3 mex · 4 wind

    The example game in this phase · 3 steps
    1. Mex ×3
    2. Wind ×4
    3. Bot LabBot Labdone 1:18 · typical 1:18
  2. 2

    Bot Lab to Advanced Bot Lab

    Economy
    • Metal Extractor1Mex
    • Wind Turbine8Wind
    • Energy Storage1Energy storage
    Order
    1. Advanced Bot LabAdvanced Bot Lab after 4 mex, 12 wind, 3 con turretdone ~4:16, middle half 4:04–4:30
    Builders
    • Construction Turret3 Con turret
    • Lazarus3 Lazarus
    • Construction Bot2 Con bot
    • Construction Bot1 Con bot for allies

    Some games also: converter (36%)

    By 3:18 in all: 4 mex · 12 wind · 1 energy storage · 3 con turret

    The example game in this phase · 16 steps
    1. LazarusLazarus ×2
    2. Construction BotCon botfor Air
    3. Wind
    4. Construction BotCon bot
    5. LazarusLazarus
    6. Con turret
    7. LazarusLazarus
    8. Mex
    9. Con turret
    10. Wind
    11. Energy storage
    12. Con turret
    13. Wind ×2
    14. Converter ×2
    15. Wind ×6
    16. Advanced Bot LabAdvanced Bot Labdone 4:23 · typical 4:16
  3. 3

    Advanced Bot Lab to 5:00

    Economy
    • Wind Turbine3Wind
    Order
    1. Bot LabEat Bot Lab
    Builders
    • Advanced Construction Bot1 T2 con bot for allies

    Some games also: converter (35%)

    By 5:00 in all: 4 mex · 15 wind · 1 converter · 1 energy storage · 3 con turret

    The example game in this phase · 4 steps
    1. Bot LabEat Bot Labreclaimed for its metal
    2. Advanced Construction BotT2 con botfor Geo
    3. Advanced Metal ExtractorT2 mexdone 4:57 · typical 5:29
    4. Advanced Construction BotT2 con botfor Air
  4. 4

    5:00 to 10:00

    Economy
    • Wind Turbine43Wind
    • Energy Converter6Converter
    Builders
    • Butler9 Butler
    • Advanced Construction Bot4 T2 con bot for allies
    • Advanced Construction Bot1 T2 con bot

    Some games also: con turret (43%) · Butler for allies (37%)

    By 10:00 in all: 4 mex · 58 wind · 8 converter · 1 energy storage · 3 con turret

    The example game in this phase · 80 steps
    1. Advanced Metal ExtractorT2 mex ×2
    2. Advanced Construction BotT2 con bot
    3. Advanced Construction BotT2 con botfor Beach sea
    4. Con turret
    5. ButlerButler
    6. Con turret
    7. Advanced Metal ExtractorT2 mex
    8. Con turret
    9. ButlerButler ×4
    10. Wind ×9
    11. ButlerButler
    12. Wind ×3
    13. Advanced Construction BotT2 con botfor Pond
    14. Wind ×11
    15. Advanced Construction BotT2 con botfor Suicide front
    16. Wind ×15
    17. Solar
    18. Wind
    19. Solar
    20. Wind ×2
    21. ButlerButler
    22. Wind ×3
    23. ButlerButler
    24. Wind ×3
    25. ButlerButler
    26. Wind ×3
    27. Converter
    28. ButlerButler
    29. Wind ×4
    30. Advanced Construction BotT2 con bot
    31. Wind ×2
    32. Converter
    33. Wind ×5
    34. Converter
    35. Wind
    36. Advanced Construction BotT2 con bot
    37. Wind ×2
    38. Converter
    39. Wind
    40. Fusion ReactorFusiondone 11:38
    41. Wind
    42. Converter
    43. Wind ×3
    44. Converter
    45. Wind
    46. Solar
    47. Wind
    48. Converter
    49. Wind ×3
    50. Converter
    51. Wind ×3
    52. Converter
    53. Wind ×2
    54. Converter
    55. Wind ×2
    56. Converter
    57. Wind ×2
    58. Converter
    59. Wind ×3
    60. Converter
    61. Wind ×3
    62. Converter
    63. Advanced Fusion ReactorAdvanced Fusion Reactornot finished by 15:00
    64. Con turret
    65. Wind ×2
    66. Converter
    67. Wind
    68. Con turret
    69. Wind
    70. Converter
    71. Wind ×2
    72. Con turret
    73. Converter ×3
    74. Advanced Bot LabEat Advanced Bot Labreclaimed for its metal
    75. Con turret
    76. Converter ×5
    77. Con turret
    78. Converter ×48
    79. CitadelAnti-nukenot finished by 15:00
    80. Converter ×8

Counts are medians over the build's games: half of them build more, half fewer. The example game is [MooDeng]NongJohn's (39 OS, 13/10/2026); pick another.

Team trades

IN AT LEAST 30% OF ITS GAMES

You hand over

  • Construction Bot1 Con bot to Airfirst at 2:23 · in 84% of games
  • Advanced Construction Bot5 T2 con bot to Air or Geo sea or Pondfirst at 4:50 · in 99% of games
  • Butler2 Butler to Geo sea or Beach sea or Pondfirst at 9:07 · in 42% of games

You get

  • Hercules1 Light transport from Airfirst at 4:01 · in 86% of games

How it plays out

Typical game of this build, running totals by minute

Metal produced

020k40k
0:005:0010:0015:00

metal

Enemy metal destroyed

050100
0:005:0010:0015:00

metal

Own metal lost

050100150
0:005:0010:0015:00

metal

1886 games.

Show as table
ByMetal produced: This buildEnemy metal destroyed: This buildOwn metal lost: This build
1:0038300
2:0091500
3:00165200
4:00314400
5:00484800
6:00580200
7:00722700
8:00906300
9:001117700
10:001350900
11:001624700
12:001967300
13:002345400
14:0027362073
15:003155585130
WHAT THE NUMBERS SAY

Standard Tech play barely fights at all early, instead pouring metal into T2 infrastructure and constructors for the team.

  • + Metal produced hits 31679 by 15:00, by far the highest of any role here.
  • + T2 factory reached in 97% of games by 4:15, fastest and most reliable T2 timing.
  • − Enemy metal destroyed stays at 0 through 10:00, no early offense at all.
  • − Own metal lost also near 0, showing total avoidance of combat risk.
THE EXAMPLE YOU ARE READING

[MooDeng]NongJohn

38.7 OS · 13/10/2026

Open source match ↗

1 received units
3345 metal received · 100497 energy received

Allied construction assistance is unknown. Timings are observations, not a promise of solo reproducibility.

Typical milestones

Bot Lab1:18Middle 50%: 1:13–1:32 · n=1886
Advanced Bot Lab4:16Middle 50%: 4:04–4:30 · n=1879
Advanced Metal Extractor5:29Middle 50%: 5:05–5:59 · n=1882

Played most by

Amrissa92games of this buildTheGeneraI67games of this buildAdeus57games of this buildEl_Turco56games of this buildKOT_43games of this build